AoeStats
← Chiripa605

Arena

507064428Analyzed
4v4 RM · 16d ago on Sep 16, 2026· 55m 4s· 8 players
Game mode
Random Map
Map size
Large (8 player)
Population
200
Speed
Normal
Resources
Standard
Victory
Conquest
Starting age
Dark Age
Ending age
Imperial Age
RankedLock teamsTeams togetherTeam positionsShared explorationLock speedFull tech treeHidden civsTurbo modeCheats
Victory
Defeat
🇩🇪 Britons · Germany
1255
+14
🇵🇱 Goths · Poland
1255
+14
🇳🇴 Chinese · Norway
1246
+15
🇫🇷 Hindustanis · France
1227
+15
🇺🇸 Lithuanians · United States
1272
-17
🇨🇳 Burgundians · China
1232
-15
🇳🇱 Bohemians · Netherlands
1200
-14
🇳🇱 Burgundians · Netherlands
1160
-12
mad Iltis
10:56 Feudal Age
14:40 Castle Age
12:34 Double-Bit Axe
12:57 Horse Collar
15:42 Bow Saw
15:35 Heavy Plow
20:56 Wheelbarrow
20:15 Gold Mining
21:05 Stone Mining
22:24 Hand Cart
23:07 Gold Shaft Mining
27:18 Imperial Age
25:29 Fletching
25:40 Padded Archer Armor
26:11 Ballistics
26:16 Bodkin Arrow
26:43 Masonry
27:15 Leather Archer Armor
28:09 Bracer
29:12 Chemistry
27:59 Loom
29:58 Town Watch
30:46 Ring Archer Armor
30:17 Scale Mail Armor
30:28 Forging
29:39 Pikeman
30:20 Squires
30:05 Gambesons
30:06 Arson
31:37 Two-Man Saw
31:14 Conscription
31:42 Yeomen
31:33 Elite Longbowman
33:40 Hoardings
35:33 Chain Mail Armor
35:53 Iron Casting
34:41 Halberdier
38:39 Plate Mail Armor
39:09 Blast Furnace
49:09 Siege Engineers
49:35 Architecture
Gin
1:19 Loom
9:56 Feudal Age
11:04 Double-Bit Axe
13:07 Town Watch
14:02 Wheelbarrow
13:48 Horse Collar
16:16 Castle Age
17:52 Bow Saw
17:44 Heavy Plow
21:39 Heavy Plow
21:40 Stone Mining
21:41 Gold Mining
24:05 Hand Cart
25:20 Loom
28:18 Imperial Age
26:19 Ballistics
26:11 Fortified Wall
25:55 Fletching
26:05 Padded Archer Armor
27:09 Bodkin Arrow
27:14 Murder Holes
27:35 Masonry
28:37 Leather Archer Armor
29:07 Bracer
29:53 Conscription
29:31 Elite Chu Ko Nu
32:07 Ring Archer Armor
33:17 Chemistry
32:47 Architecture
32:30 Thumb Ring
33:17 Stone Shaft Mining
32:26 Elite Fire Lancer
32:53 Arson
33:08 Squires
34:37 Elite Skirmisher
36:22 Architecture
43:00 Scale Mail Armor
43:10 Forging
44:02 Two-Man Saw
43:20 Caravan
44:28 Chain Mail Armor
45:56 Plate Mail Armor
46:02 Iron Casting
52:00 Blast Furnace
55:10 Gold Shaft Mining
54:21 Pikeman
WetBread
7:39 Loom
11:49 Feudal Age
15:26 Castle Age
14:23 Man-at-Arms
15:49 Scale Mail Armor
15:30 Long Swordsman
17:54 Horse Collar
19:09 Double-Bit Axe
20:30 Bow Saw
21:16 Heavy Plow
22:34 Gold Mining
23:34 Squires
23:57 Chain Mail Armor
24:46 Forging
32:00 Imperial Age
32:11 Iron Casting
32:41 Perfusion
32:13 Two-Handed Swordsman
34:31 Wheelbarrow
33:42 Town Watch
35:01 Conscription
34:56 Stone Mining
36:16 Hand Cart
37:15 Blast Furnace
36:30 Champion
39:48 Pikeman
41:02 Halberdier
42:49 Conscription
43:50 Anarchy
45:11 Elite Huskarl
noeloeve
10:28 Feudal Age
10:43 Feudal Age
12:35 Loom
14:55 Castle Age
12:51 Double-Bit Axe
13:07 Horse Collar
19:09 Loom
21:11 Wheelbarrow
22:43 Bow Saw
22:43 Husbandry
23:01 Scale Barding Armor
24:31 Forging
24:47 Stone Mining
24:52 Fletching
25:27 Gold Mining
25:43 Padded Archer Armor
25:26 Elite Skirmisher
26:32 Thumb Ring
26:38 Thumb Ring
28:02 Bodkin Arrow
28:23 Heavy Plow
28:43 Leather Archer Armor
29:45 Hand Cart
29:17 Town Watch
30:20 Gold Shaft Mining
31:43 Grand Trunk Road
35:09 Imperial Age
33:06 Ballistics
34:13 Chain Barding Armor
34:28 Iron Casting
34:47 Masonry
36:29 Plate Barding Armor
38:17 Blast Furnace
39:47 Two-Man Saw
38:20 Light Cavalry
39:11 Bloodlines
40:49 Conscription
40:25 Heavy Camel Rider
42:25 Bracer
41:58 Imperial Camel Rider
46:54 Chemistry
47:04 Caravan
48:25 Siege Engineers
48:33 Fortified Wall
48:18 Murder Holes
49:03 Hussar
WesZ
10:43 Feudal Age
11:30 Loom
14:41 Castle Age
13:06 Double-Bit Axe
14:16 Horse Collar
22:58 Bow Saw
25:02 Wheelbarrow
31:11 Imperial Age
29:24 Heavy Plow
29:52 Squires
29:58 Pikeman
30:40 Scale Mail Armor
31:48 Hand Cart
32:06 Fletching
32:32 Chain Mail Armor
31:44 Man-at-Arms
31:45 Halberdier
34:45 Chemistry
33:30 Man-at-Arms
34:47 Plate Mail Armor
34:27 Forging
34:29 Long Swordsman
34:57 Arson
35:41 Two-Handed Swordsman
36:58 Iron Casting
36:31 Champion
37:43 Bodkin Arrow
37:54 Scale Barding Armor
38:51 Blast Furnace
46:28 Bracer
46:28 Padded Archer Armor
46:44 Elite Skirmisher
49:44 Leather Archer Armor
tobiasblom1997
4:51 Double-Bit Axe
11:12 Feudal Age
10:27 Horse Collar
15:55 Castle Age
14:23 Bow Saw
17:42 Wheelbarrow
17:50 Heavy Plow
21:46 Gold Mining
24:20 Hand Cart
28:21 Imperial Age
26:42 Scale Mail Armor
26:52 Forging
26:36 Fletching
28:01 Two-Man Saw
27:36 Crop Rotation
27:21 Squires
26:42 Pikeman
27:41 Arson
28:25 Halberdier
29:44 Chain Mail Armor
31:10 Plate Mail Armor
31:53 Chemistry
31:34 Gold Shaft Mining
30:45 Treadmill Crane
31:16 Masonry
33:11 Iron Casting
33:01 Careening
33:30 Man-at-Arms
35:00 Padded Archer Armor
34:56 Bodkin Arrow
36:19 Blast Furnace
36:04 Elite Skirmisher
36:51 Long Swordsman
39:19 Scale Barding Armor
39:15 Bracer
39:59 Ballistics
40:00 Two-Handed Swordsman
41:52 Champion
44:00 Leather Archer Armor
46:33 Burgundian Vineyards
47:04 Hoardings
46:50 Conscription
Chiripa605
10:52 Feudal Age
12:11 Double-Bit Axe
14:42 Castle Age
16:03 Bow Saw
16:17 Horse Collar
18:26 Wheelbarrow
17:38 Loom
18:59 Heavy Plow
19:50 Pikeman
21:03 Squires
21:19 Town Watch
23:48 Hand Cart
23:37 Scale Mail Armor
25:00 Chain Mail Armor
28:36 Imperial Age
27:16 Forging
27:26 Gold Mining
30:26 Two-Man Saw
28:51 Halberdier
30:46 Crop Rotation
30:51 Stone Mining
31:52 Scale Barding Armor
32:51 Conscription
32:51 Bloodlines
32:42 Husbandry
33:13 Chain Barding Armor
35:03 Plate Barding Armor
36:16 Fletching
38:04 Iron Casting
38:27 Bodkin Arrow
37:58 Light Cavalry
39:50 Elite Leitis
41:53 Elite Skirmisher
42:38 Arson
42:54 Winged Hussar
47:21 Bracer
47:21 Padded Archer Armor
47:24 Tower Shields
48:29 Ballistics
49:09 Chemistry
48:36 Thumb Ring
49:14 Leather Archer Armor
50:56 Ring Archer Armor
51:55 Man-at-Arms
52:50 Long Swordsman
jinzhi
3:33 Double-Bit Axe
7:50 Horse Collar
12:23 Feudal Age
15:58 Castle Age
14:56 Bow Saw
15:31 Heavy Plow
16:09 Wheelbarrow
22:28 Hand Cart
23:20 Gold Mining
23:20 Stone Mining
30:18 Imperial Age
27:34 Town Watch
27:34 Loom
27:51 Treadmill Crane
28:23 Fortified Wall
29:44 Gold Shaft Mining
29:44 Stone Shaft Mining
29:13 Town Patrol
30:44 Burgundian Vineyards
31:29 Scale Barding Armor
31:34 Forging
31:27 Husbandry
30:48 Light Cavalry
31:00 Cavalier
32:14 Conscription
32:38 Chain Barding Armor
33:24 Chemistry
32:40 Devotion
34:22 Iron Casting
33:22 Paladin
35:08 Plate Barding Armor
36:25 Blast Furnace
36:10 Crop Rotation
36:43 Faith
41:00 Padded Archer Armor
46:54 Leather Archer Armor
46:41 Scale Mail Armor
48:20 Guilds
47:46 Pikeman
48:26 Squires
48:12 Arson
48:48 Chain Mail Armor
48:34 Halberdier
51:16 Plate Mail Armor
53:20 Hussar
Connection lost

Rejoining the realm…

Still unreachable

The connection could not be restored.

Session expired

The server has moved on; the page needs a fresh start.